NWL (28 & UNDER)
SAN DIEGO SMASHERS @ MENLO MANIACS
08/23/2023
 
TOP OF THE 1ST
San Diego Smashers batting - Pitching for Menlo Maniacs : RHP Ramiro Piña
Pitching: RHP Ramiro Piña
Batting: RHB Josh Richardson 0-0: Ball
1-0: Called Strike
1-1: Ball
2-1: Foul Ball, location: 2F
2-2: Ground out 5-3 (Groundball, 5S)
Batting: RHB Cisco Gatán 0-0: Ground out 5-3 (Groundball, 15S)
Batting: LHB António Glaviz 0-0: Ball
1-0: Swinging Strike
1-1: DOUBLE (Flyball, 7D)
Batting: LHB Jeffrey Bascombe 0-0: Ball
1-0: Called Strike
1-1: Ball
2-1: Foul Ball, location: 2F
2-2: Ground out 5-3 (Groundball, 56S)
Top of the 1st over - 0 run(s), 1 hit(s), 0 error(s), 1 left on base; San Diego 0 - Menlo 0
BOTTOM OF THE 1ST
Menlo Maniacs batting - Pitching for San Diego Smashers : RHP Riley Johnston
Pitching: RHP Riley Johnston
Batting: LHB Alfonso Montoya 0-0: Called Strike
0-1: Foul Ball, location: 2F
0-2: Ball
1-2: Ball
2-2: Strikes out swinging
Batting: RHB Alberto Hernández 0-0: Ball
1-0: Called Strike
1-1: Ball
2-1: Foul Ball, location: 2F
2-2: Strikes out swinging
Batting: LHB Nicholas Alston 0-0: Ball
1-0: Ball
2-0: Foul Ball, location: 2F
2-1: Fly out, F6 (Popup, 6D)
Bottom of the 1st over - 0 run(s), 0 hit(s), 0 error(s), 0 left on base; San Diego 0 - Menlo 0
TOP OF THE 2ND
San Diego Smashers batting - Pitching for Menlo Maniacs : RHP Ramiro Piña
Batting: LHB Bob Cunningham 0-0: SINGLE (Line Drive, 56D)
Batting: RHB Miguel Moreno 0-0: Called Strike
0-1: Foul Ball, location: 2F
0-2: Ball
1-2: Ball
2-2: Foul Ball, location: 2F
2-2: Ball
3-2: Base on Balls
Bob Cunningham to second
Batting: LHB Alfredo Fernández 0-0: Swinging Strike
0-1: Swinging Strike
0-2: Ball
1-2: Ball
2-2: Foul Ball, location: 2F
2-2: Foul Ball, location: 2F
2-2: Ball
3-2: Fly out, F9 (Flyball, 9D)
Runner from 2nd tags up, SAFE at 3rd, no throw
Batting: LHB Mario Olivares 0-0: Ball
1-0: Called Strike
Miguel Moreno steals 2nd base
1-1: Ball
2-1: Ground out 3-1 (Groundball, 34)
Bob Cunningham scores
Miguel Moreno to third
Batting: LHB Pedro Cruz 0-0: Ball
1-0: Swinging Strike
1-1: Foul Ball, location: 2F
1-2: Strikes out looking
Top of the 2nd over - 1 run(s), 1 hit(s), 0 error(s), 1 left on base; San Diego 1 - Menlo 0
BOTTOM OF THE 2ND
Menlo Maniacs batting - Pitching for San Diego Smashers : RHP Riley Johnston
Batting: RHB Daryl Floyd 0-0: Ball
1-0: Ball
2-0: Foul Ball, location: 2F
2-1: Ball
3-1: Base on Balls
Batting: RHB Tom Meyer 0-0: Ball
1-0: SINGLE (Flyball, 89S)
Daryl Floyd to second
Runner from 2nd tries for 3rd, SAFE, throw made to third
Batting: RHB Jesús Cuevas 0-0: Called Strike
0-1: Foul Ball, location: 2F
0-2: Grounds into double play, 4-6-3 (Groundball, 4)
Daryl Floyd scores
Batting: LHB Héctor Flores 0-0: Fly out, F7 (Flyball, 78M)
Bottom of the 2nd over - 1 run(s), 1 hit(s), 0 error(s), 0 left on base; San Diego 1 - Menlo 1
TOP OF THE 3RD
San Diego Smashers batting - Pitching for Menlo Maniacs : RHP Ramiro Piña
Batting: RHB Josh Richardson 0-0: Called Strike
0-1: Ball
1-1: Called Strike
1-2: Ball
2-2: Strikes out looking
Batting: RHB Cisco Gatán 0-0: Called Strike
0-1: Swinging Strike
0-2: Strikes out swinging
Batting: LHB António Glaviz 0-0: Ground out 4-3 (Groundball, 4)
Top of the 3rd over - 0 run(s), 0 hit(s), 0 error(s), 0 left on base; San Diego 1 - Menlo 1
BOTTOM OF THE 3RD
Menlo Maniacs batting - Pitching for San Diego Smashers : RHP Riley Johnston
Batting: LHB Paul Alexander 0-0: Ball
1-0: Swinging Strike
1-1: Swinging Strike
1-2: Foul Ball, location: 2F
1-2: Strikes out swinging
Batting: RHB Yasuhiko Sumita 0-0: Ball
1-0: Ball
2-0: Ground out 5-3 (Groundball, 5L)
Batting: LHB Alfonso Montoya 0-0: Ball
1-0: Swinging Strike
1-1: Ball
2-1: Ground out 6-3 (Groundball, 6M)
Bottom of the 3rd over - 0 run(s), 0 hit(s), 0 error(s), 0 left on base; San Diego 1 - Menlo 1
TOP OF THE 4TH
San Diego Smashers batting - Pitching for Menlo Maniacs : RHP Ramiro Piña
Batting: LHB Jeffrey Bascombe 0-0: Ball
1-0: Swinging Strike
1-1: Ball
2-1: Ball
3-1: SOLO HOME RUN (Line Drive, 7D), Distance : 379 ft
Batting: LHB Bob Cunningham 0-0: Called Strike
0-1: Foul Ball, location: 2F
0-2: Ball
1-2: Fly out, F7 (Flyball, 78M)
Batting: RHB Miguel Moreno 0-0: Called Strike
0-1: Fly out, F7 (Flyball, 78M)
Batting: LHB Alfredo Fernández 0-0: Ball
1-0: Ground out U3 (Groundball, 3)
Top of the 4th over - 1 run(s), 1 hit(s), 0 error(s), 0 left on base; San Diego 2 - Menlo 1
BOTTOM OF THE 4TH
Menlo Maniacs batting - Pitching for San Diego Smashers : RHP Riley Johnston
Batting: RHB Alberto Hernández 0-0: Ball
1-0: Ground out 5-3 (Groundball, 56S)
Batting: LHB Nicholas Alston 0-0: Foul Ball, location: 2F
0-1: SINGLE (Flyball, 8LS)
Batting: RHB Daryl Floyd 0-0: 2-RUN HOME RUN (Flyball, 7D), Distance : 372 ft
Batting: RHB Tom Meyer 0-0: Ball
1-0: Called Strike
1-1: Ball
2-1: Ball
3-1: Base on Balls
Batting: RHB Jesús Cuevas 0-0: Swinging Strike
0-1: Ball
1-1: Ball
2-1: Ball
3-1: Called Strike
3-2: Strikes out swinging
Batting: LHB Héctor Flores 0-0: Ball
1-0: Fly out, F7 (Flyball, 78M)
Bottom of the 4th over - 2 run(s), 2 hit(s), 0 error(s), 1 left on base; San Diego 2 - Menlo 3
TOP OF THE 5TH
San Diego Smashers batting - Pitching for Menlo Maniacs : RHP Ramiro Piña
Batting: LHB Mario Olivares 0-0: Ball
1-0: Called Strike
1-1: Foul Ball, location: 2F
1-2: Strikes out swinging
Batting: LHB Pedro Cruz 0-0: SINGLE (Line Drive, 6D)
Batting: RHB Josh Richardson 0-0: Ball
Pedro Cruz steals 2nd base
1-0: Ball
2-0: Called Strike
2-1: Foul Ball, location: 2F
2-2: Foul Ball, location: 2F
2-2: Foul Ball, location: 2F
2-2: Hit by Pitch
Batting: RHB Cisco Gatán 0-0: Ball
1-0: Ball
2-0: Called Strike
2-1: Fly out, F9 (Line Drive, 8RM)
Batting: LHB António Glaviz 0-0: Ball
1-0: SINGLE (Line Drive, 56D)
Pedro Cruz to third
Josh Richardson to second
Runner from 3rd tries for Home, SAFE, no throw or cutoff
Batting: LHB Jeffrey Bascombe 0-0: DOUBLE (Line Drive, 9LD)
Josh Richardson scores
António Glaviz to third
Runner from 3rd tries for Home, SAFE, no throw or cutoff
Batting: LHB Bob Cunningham 0-0: Called Strike
0-1: Ball
1-1: Ball
2-1: Ball
3-1: Base on Balls
Batting: RHB Miguel Moreno 0-0: Ball
1-0: Called Strike
1-1: Foul Ball, location: 2F
1-2: Strikes out swinging
Top of the 5th over - 3 run(s), 3 hit(s), 0 error(s), 2 left on base; San Diego 5 - Menlo 3
BOTTOM OF THE 5TH
Menlo Maniacs batting - Pitching for San Diego Smashers : RHP Riley Johnston
Batting: LHB Paul Alexander 0-0: Called Strike
0-1: Ground out 4-3 (Groundball, 4S)
Batting: RHB Yasuhiko Sumita 0-0: SINGLE (Groundball, 6)
Batting: LHB Alfonso Montoya 0-0: Swinging Strike
0-1: Swinging Strike
0-2: Ball
1-2: Strikes out swinging
Batting: RHB Alberto Hernández 0-0: Fly out, F9 (Flyball, 9LMF)
Bottom of the 5th over - 0 run(s), 1 hit(s), 0 error(s), 1 left on base; San Diego 5 - Menlo 3
TOP OF THE 6TH
San Diego Smashers batting - Pitching for Menlo Maniacs : RHP Ramiro Piña
Pitching: RHP Jorge Luna
Batting: LHB Alfredo Fernández 0-0: Fly out, F9 (Flyball, 89M)
Batting: LHB Mario Olivares 0-0: Ball
1-0: Ball
2-0: Called Strike
2-1: Ball
3-1: Swinging Strike
3-2: Foul Ball, location: 2F
3-2: Foul Ball, location: 2F
3-2: Foul Ball, location: 2F
3-2: Base on Balls
Batting: LHB Pedro Cruz 0-0: Ball
Mario Olivares is caught stealing 2nd base
1-0: Ball
2-0: Ball
3-0: Called Strike
3-1: Fly out, F7 (Flyball, 7M)
Top of the 6th over - 0 run(s), 0 hit(s), 0 error(s), 0 left on base; San Diego 5 - Menlo 3
BOTTOM OF THE 6TH
Menlo Maniacs batting - Pitching for San Diego Smashers : RHP Riley Johnston
Batting: LHB Nicholas Alston 0-0: Called Strike
0-1: Ball
1-1: Ball
2-1: Ball
3-1: SOLO HOME RUN (Line Drive, 9D), Distance : 375 ft
Batting: RHB Daryl Floyd 0-0: Ball
1-0: Ball
2-0: Called Strike
2-1: SINGLE (Line Drive, 7S)
Batting: RHB Tom Meyer 0-0: Foul Ball, location: 2F
0-1: Grounds into double play, 6-4-3 (Groundball, 6)
Batting: RHB Jesús Cuevas 0-0: Ball
1-0: Fly out, F7 (Flyball, 78M)
Bottom of the 6th over - 1 run(s), 2 hit(s), 0 error(s), 0 left on base; San Diego 5 - Menlo 4
TOP OF THE 7TH
San Diego Smashers batting - Pitching for Menlo Maniacs : RHP Jorge Luna
Batting: RHB Josh Richardson 0-0: Ball
1-0: Fly out, F8 (Flyball, 8LM)
Batting: RHB Cisco Gatán 0-0: Called Strike
0-1: Foul Ball, location: 2F
0-2: Ball
1-2: DOUBLE (Line Drive, 78M)
Batting: LHB António Glaviz 0-0: Intentional Walk
Batting: LHB Jeffrey Bascombe 0-0: SINGLE (Groundball, 6MD)
Cisco Gatán to third
António Glaviz to second
Batting: LHB Bob Cunningham 0-0: Ball
1-0: Ball
2-0: Foul Ball, location: 2F
2-1: DOUBLE (Line Drive, 5D)
Cisco Gatán scores
António Glaviz scores
Jeffrey Bascombe to third
Batting: RHB Miguel Moreno 0-0: Ball
1-0: Ball
2-0: Ball
3-0: Base on Balls
Pitching: LHP José Acosta
Pinch Hitting: RHB Francisco Castillo 0-0: Called Strike
0-1: Swinging Strike
0-2: Strikes out swinging
Pinch Hitting: SHB Yoshitoki Kouda 0-0: Called Strike
0-1: Fly out, F9 (Flyball, 9D)
Top of the 7th over - 2 run(s), 3 hit(s), 0 error(s), 3 left on base; San Diego 7 - Menlo 4
BOTTOM OF THE 7TH
Menlo Maniacs batting - Pitching for San Diego Smashers : RHP Riley Johnston
Now at SS: José González
Now in RF: Francisco Castillo
Batting: LHB Héctor Flores 0-0: Ball
1-0: Fly out, F7 (Flyball, 78M)
Batting: LHB Paul Alexander 0-0: Ball
1-0: Ball
2-0: Ball
3-0: Called Strike
3-1: Called Strike
3-2: Strikes out swinging
Batting: RHB Yasuhiko Sumita 0-0: SINGLE (Line Drive, 78S)
Batting: LHB Alfonso Montoya 0-0: Ball
1-0: Called Strike
1-1: Fielders Choice at 2nd, U6 (Groundball, 6M)
Bottom of the 7th over - 0 run(s), 1 hit(s), 0 error(s), 1 left on base; San Diego 7 - Menlo 4
TOP OF THE 8TH
San Diego Smashers batting - Pitching for Menlo Maniacs : LHP José Acosta
Batting: LHB Pedro Cruz 0-0: Ball
1-0: SOLO HOME RUN (Flyball, 9D), Distance : 374 ft
Batting: RHB Josh Richardson 0-0: Swinging Strike
0-1: Ball
1-1: Ball
2-1: Foul Ball, location: 2F
2-2: Strikes out swinging
Batting: RHB Cisco Gatán 0-0: Swinging Strike
0-1: Fly out, F3 (Popup, 23)
Batting: LHB António Glaviz 0-0: Ball
1-0: Ball
2-0: Ball
3-0: Called Strike
3-1: Base on Balls
Batting: LHB Jeffrey Bascombe 0-0: Called Strike
António Glaviz steals 2nd base
0-1: Ground out 4-3 (Groundball, 4)
Top of the 8th over - 1 run(s), 1 hit(s), 0 error(s), 1 left on base; San Diego 8 - Menlo 4
BOTTOM OF THE 8TH
Menlo Maniacs batting - Pitching for San Diego Smashers : RHP Riley Johnston
Batting: RHB Alberto Hernández 0-0: Ball
1-0: DOUBLE (Flyball, 89M)
Batting: LHB Nicholas Alston 0-0: Called Strike
0-1: Ball
1-1: Ground out U3 (Groundball, 3S)
Alberto Hernández to third
Batting: RHB Daryl Floyd 0-0: Called Strike
0-1: Swinging Strike
0-2: Ball
1-2: Strikes out swinging
Pitching: RHP Warren Johnson
Batting: RHB Tom Meyer 0-0: Called Strike
0-1: Swinging Strike
0-2: Ball
1-2: Foul Ball, location: 2F
1-2: Strikes out swinging
Bottom of the 8th over - 0 run(s), 1 hit(s), 0 error(s), 1 left on base; San Diego 8 - Menlo 4
TOP OF THE 9TH
San Diego Smashers batting - Pitching for Menlo Maniacs : LHP José Acosta
Batting: LHB Bob Cunningham 0-0: SINGLE (Flyball, 89S)
Batting: RHB Miguel Moreno 0-0: Ball
1-0: Called Strike
1-1: SINGLE (Flyball, 4MD)
Bob Cunningham to second
Runner from 2nd tries for 3rd, SAFE, throw made to third
Batting: RHB Francisco Castillo 0-0: Fly out, F9 (Flyball, 9LS)
Runner from 3rd tags up, SCORES, throw made
Batting: SHB José González 0-0: Ball
Miguel Moreno steals 2nd base
1-0: SINGLE (Line Drive, 4MD)
Miguel Moreno to third
Runner from 3rd tries for Home, SAFE, no throw or cutoff
Pitching: RHP William Simpson
Batting: LHB Pedro Cruz 0-0: Called Strike
0-1: Fielders Choice at 2nd, 1-6 (Groundball, 15)
Batting: RHB Josh Richardson 0-0: Swinging Strike
0-1: Swinging Strike
0-2: Ball
1-2: Strikes out swinging
Top of the 9th over - 2 run(s), 3 hit(s), 0 error(s), 1 left on base; San Diego 10 - Menlo 4
BOTTOM OF THE 9TH
Menlo Maniacs batting - Pitching for San Diego Smashers : RHP Warren Johnson
Batting: RHB Jesús Cuevas 0-0: Ball
1-0: Called Strike
1-1: Called Strike
1-2: Fly out, F3 (Line Drive, 34)
Batting: LHB Héctor Flores 0-0: Ball
1-0: Called Strike
1-1: Ball
2-1: Ball
3-1: SINGLE (Groundball, 34D)
Batting: LHB Paul Alexander 0-0: Ball
1-0: Ball
2-0: Called Strike
2-1: Swinging Strike
2-2: Strikes out swinging
Batting: RHB Yasuhiko Sumita 0-0: Ground out 1-3 (Groundball, 15)
Bottom of the 9th over - 0 run(s), 1 hit(s), 0 error(s), 1 left on base; San Diego 10 - Menlo 4
This league is powered by Out of the Park Baseball, the baseball management simulation game for PC, Mac and Linux
Wednesday, December 2nd, 2015 - OOTP Baseball 16.8 Build 38